AoeStats
← Tx8 | AlexisCubo

Arabia

510234788Analyzed
1v1 RM · 1d ago on Sep 30, 2026· 35m 58s· 2 players
Game mode
Random Map
Map size
Tiny (2 player)
Population
200
Speed
Normal
Resources
Standard
Victory
Conquest
Starting age
Dark Age
Ending age
Imperial Age
RankedLock teamsTeams togetherTeam positionsShared explorationLock speedFull tech treeHidden civsTurbo modeCheats
Victory
Defeat
🇲🇽 Maya · Mexico
1049
+18
🇺🇸 Khitans · United States
1087
-20
Tx8 | AlexisCubo
0:26 Loom
8:56 Feudal Age
10:46 Double-Bit Axe
15:33 Fletching
18:03 Padded Archer Armor
24:43 Castle Age
23:00 Horse Collar
23:24 Scale Mail Armor
24:24 Forging
24:50 Crossbowman
26:49 Thumb Ring
27:27 Bodkin Arrow
29:22 Leather Archer Armor
30:23 Bow Saw
32:18 Elite Skirmisher
irishfan2013
11:00 Feudal Age
9:19 Loom
11:04 Feudal Age
13:10 Double-Bit Axe
19:50 Castle Age
18:08 Fletching
18:39 Stone Mining
18:41 Domestication
19:10 Gold Mining
20:05 Elite Skirmisher
22:10 Bow Saw
23:59 Thumb Ring
24:59 Padded Archer Armor
36:10 Pastoralism
Connection lost

Rejoining the realm…

Still unreachable

The connection could not be restored.

Session expired

The server has moved on; the page needs a fresh start.